 Dungeon Crawl Stone Soup version 0.22-a0-570-g58866f5 (webtiles) character file.

76 vierth the Covered (level 4, 0/40 HPs)
             Began as a Minotaur Fighter on June 30, 2018.
             Slain by Sigmund
             ... wielding a +0 scythe
              (8 damage)
             ... on level 2 of the Dungeon.
             The game lasted 00:03:19 (1036 turns).

vierth the Covered (Minotaur Fighter)               Turns: 1036, Time: 00:03:20

Health: 0/40       AC:  9    Str: 22    XL:     4   Next: 12%
Magic:  3/3        EV:  5    Int:  5    God:
Gold:   78         SH:  9    Dex:  9    Spells: 3/3 levels left

rFire    . . .     SeeInvis .   a - +0 war axe
rCold    . . .     Gourm    .   c - +0 shield
rNeg     . . .     Faith    .   e - +0 chain mail
rPois    .         Spirit   .   (helmet restricted)
rElec    .         Reflect  .   (no cloak)
rCorr    .         Harm     .   (no gloves)
MR       .....                  (no boots)
Stlth    ..........             (no amulet)
HPRegen  0.13/turn              (no ring)
MPRegen  0.08/turn              (no ring)

@: no status effects
A: retaliatory headbutt, horns 2
a: no special abilities


You were on level 2 of the Dungeon.
You were hungry.

You visited 1 branch of the dungeon, and saw 2 of its levels.

You collected 78 gold pieces.

Inventory:

Hand Weapons
 a - a +0 war axe (weapon)
Armour
 c - a +0 shield (worn)
 e - a +0 chain mail (worn)
Jewellery
 l - an uncursed ring of protection from cold {unknown}
Scrolls
 b - 2 scrolls of identify {unknown}
 k - a scroll of noise {unknown}
Potions
 d - a potion of might
 g - a potion of degeneration {unknown}
 h - a potion of mutation {unknown}
 i - a potion of flight {unknown}
 j - a potion of lignification {unknown}
 m - a potion of haste {unknown}
Comestibles
 f - 3 rations


   Skills:
 + Level 4.1 Fighting
 * Level 3.6 Axes
 * Level 4.6 Armour
 + Level 4.1 Shields


You had 3 spell levels left.
You didn't know any spells.
Your spell library was empty.

Dungeon Overview and Level Annotations

Branches:
Dungeon (2/15)

Altars:
Dithmenos
Fedhas
Gozag
Wu Jian

Annotations:
D:2 Sigmund


Innate Abilities, Weirdness & Mutations

You reflexively headbutt those who attack you in melee.
You have a pair of horns on your head.


Message History

You are too injured to fight recklessly!
You are too injured to fight recklessly!
You are too injured to fight recklessly!
You are too injured to fight recklessly!
You are too injured to fight recklessly!
You hit Sigmund but do no damage. You headbutt Sigmund.
Sigmund is severely wounded.
Sigmund casts a spell at you.
You are confused.
Sigmund hits you with a scythe.
You bump into the crystal wall.
You bump into the crystal wall.
Sigmund hits you but does no damage.
You bump into the crystal wall.
Sigmund hits you with a scythe.
* * * LOW HITPOINT WARNING * * *
Sigmund hits you but does no damage.
You closely miss Sigmund.
Sigmund is severely wounded.
You feel less confused. Sigmund hits you with a scythe!
You die...

## .. .# ##.#
#..# ###.###
#....$# #.#.###
.. #.@_..# @#
###@#.# .#
#$....# .# #
###.### .##.##.
## #.#.# .......
..
#...#####.......
.. #.....†.@.#
#. #####.#####
#. #.# #.


You could see Sigmund.

Vanquished Creatures
  Jessica (D:2)
  A dart slug (D:1)
  A leopard gecko (D:1)
  A giant cockroach (D:1)
  11 goblins
  8 hobgoblins (D:1)
  A kobold (D:1)
  3 quokkas (D:2)
  2 ball pythons
  4 bats
  4 frilled lizards (D:1)
  4 rats (D:1)
41 creatures vanquished.

Notes
Turn   | Place    | Note
-------+----------+-------------------------------------------
     0 | D:1      | vierth the Minotaur Fighter began the quest for the Orb.
     0 | D:1      | Reached XP level 1. HP: 19/19 MP: 0/0
   388 | D:1      | Reached XP level 2. HP: 27/27 MP: 1/1
   608 | D:1      | Reached XP level 3. HP: 33/33 MP: 2/2
   849 | D:2      | Found a shadowy altar of Dithmenos.
   849 | D:2      | Found an ornate altar of the Wu Jian Council.
   849 | D:2      | Found a blossoming altar of Fedhas.
   901 | D:2      | Noticed Jessica
   902 | D:2      | Killed Jessica
   902 | D:2      | Reached XP level 4. HP: 40/40 MP: 3/3
  1000 | D:2      | Noticed Sigmund
  1004 | D:2      | Found an opulent altar of Gozag.
  1036 | D:2      | Slain by Sigmund

Vault maps used:
D:1:      lemuel_arrival_muddy, minmay_tetromino_t2
D:2:      ashenzari_altar_1, gammafunk_temple_overflow_claw,
          nicolae_gozag_cash_rules_everything_around_me, uniq_jessica,
          uniq_sigmund

Skill      XL: |  1  2  3 |
---------------+----------+-----
Armour         | 4 |  4.6
Axes           | 3 |  3.6
Shields        | 4 |  4.1
Fighting       | 4 |  4.1

Action                   |  1- 3 |  4- 6 || total
-------------------------+-------+-------++-------
Melee: War axe           |   101 |    22 ||   123
       Headbutt          |    16 |     2 ||    18
Armor: Chain mail        |    40 |     9 ||    49
       Scale mail        |     6 |       ||     6
Dodge: Dodged            |    18 |     2 ||    20
Block: Shield            |    51 |    16 ||    67

Table legend:
 A = Spawn XP
 B = Non-spawn XP
 C = Spawn XP percentage of total XP
 D = Spawn monster count
 E = Non-spawn monster count
 F = Spawn count percentage of total count
 G = Total turns spent on level
                    A         B        C        D         E        F      G
               +---------+---------+-------+---------+---------+-------+---------
         Total |       0 |     109 |   0.0 |       0 |      41 |   0.0 |  1036
               +---------+---------+-------+---------+---------+-------+---------
           D:1 |       0 |      56 |   0.0 |       0 |      32 |   0.0 |   784
           D:2 |       0 |      53 |   0.0 |       0 |       9 |   0.0 |   252
               +---------+---------+-------+---------+---------+-------+---------
